Map: Abyssal Reef LE

Players

Serphim

  • Race: Protoss Protoss
  • Spawn Location: 5:00

Allaryce - Winner!

  • Race: Zerg Zerg
  • Spawn Location: 11:00

Event: WCS Austin 2017

VOD

Have the link to the VOD?

Description

Time

  • Played on: April 28, 2017, 2:18 p.m.
  • Length: 11:31

All games in this series

Show
View Real Time Build Order
Export as new Build Order

Serphim Protoss 

Build Orders: 1 Gate Expand 

Get SALT Encoding   

  12  0:01  Probe (Chrono Boost)  
  13  0:11  Probe (Chrono Boost)  
  14  0:17  Pylon  
  14  0:22  Probe (Chrono Boost)  
  16  0:35  Probe (Chrono Boost)  
  16  0:38  Gateway  
  16  0:46  Probe (Chrono Boost)  
  17  1:10  Nexus  
  17  1:15  Assimilator  
  17  1:29  Probe (Chrono Boost), Cybernetics Core  
  18  1:40  Probe (Chrono Boost)  
  18  1:43  Assimilator  
  19  1:50  Probe (Chrono Boost)  
  20  1:55  Forge  
  21  2:01  Probe (Chrono Boost)  
  21  2:06  Adept  
  21  2:07  Warp Gate  
  23  2:21  Pylon  
  23  2:23  Probe (Chrono Boost)  
  25  2:31  Probe (Chrono Boost)  
  25  2:42  Robotics Facility  
  26  2:46  Probe (Chrono Boost)  
  27  2:56  Mothership Core (Chrono Boost)  
  27  2:58  Probe (Chrono Boost)  
  28  3:09  Adept  
  28  3:25  Probe x2 (Chrono Boost)  
  30  3:28  Pylon  
  30  3:30  Observer  
  31  3:40  Adept  
  32  3:48  Probe (Chrono Boost)  
  32  3:50  Probe (Chrono Boost)  
  31  3:59  Photon Cannon  
  31  4:04  Probe (Chrono Boost)  
  31  4:05  Probe (Chrono Boost), Pylon  
  31  4:07  Pylon  
  33  4:11  Gateway  
  33  4:17  Probe (Chrono Boost)  
  33  4:19  Probe (Chrono Boost)  
  33  4:24  Adept  
  37  4:32  Probe (Chrono Boost)  
  37  4:33  Probe (Chrono Boost)  
  37  4:37  Protoss Ground Weapons Level 1  
  39  4:39  Twilight Council  
  39  4:42  Probe (Chrono Boost)  
  40  4:47  Adept  
  42  4:56  Probe x2 (Chrono Boost)  
  44  5:06  Resonating Glaives  
  43  5:10  Adept  
  43  5:11  Adept  
  43  5:14  Photon Cannon  
  47  5:15  Probe (Chrono Boost)  
  47  5:16  Probe (Chrono Boost)  
  49  5:30  Probe x2 (Chrono Boost)  
  49  5:32  Adept x2  
  55  5:42  Probe (Chrono Boost)  
  55  5:45  Pylon  
  55  5:46  Probe (Chrono Boost)  
  55  5:49  Pylon  
  56  5:55  Probe (Chrono Boost)  
  57  5:59  Robotics Bay  
  57  6:03  Assimilator, Probe (Chrono Boost)  
  58  6:06  Assimilator  
  58  6:07  Probe (Chrono Boost)  
  58  6:08  Stalker  
  61  6:13  Sentry  
  61  6:15  Probe (Chrono Boost)  
  65  6:19  Probe (Chrono Boost)  
  65  6:23  Protoss Ground Armor Level 1  
  66  6:27  Probe (Chrono Boost)  
  66  6:28  Photon Cannon  
  66  6:31  Probe (Chrono Boost)  
  67  6:34  Photon Cannon  
  67  6:36  Stalker x2  
  71  6:50  Disruptor  
  74  7:03  Pylon  
  74  7:05  Pylon  
  74  7:09  Nexus  
  74  7:11  Pylon  
  74  7:12  Sentry x2  
  78  7:27  Disruptor  
  78  7:30  Photon Cannon  
  78  7:31  Observer Gravitic Boosters  
  81  7:39  Stalker x2, Gateway  
  81  7:42  Gateway  
  85  7:47  Stargate  
  85  8:02  Nexus  
  85  8:04  Disruptor  
  85  8:06  Pylon  
  85  8:08  Protoss Shields Level 1  
  85  8:11  Adept x2  
  92  8:21  Pylon  
  92  8:23  Probe x2 (Chrono Boost)  
  94  8:30  Phoenix  
  96  8:35  Stalker x2  
  90  8:59  Stalker x4  
  98  9:08  Photon Cannon  
  98  9:10  Colossus  
  98  9:12  Photon Cannon  
  98  9:16  Photon Cannon  
  98  9:22  Probe x2 (Chrono Boost)  
  98  9:23  Probe (Chrono Boost)  
  107  9:26  Extended Thermal Lance  
  107  9:39  Probe (Chrono Boost)  
  107  9:41  Probe x2 (Chrono Boost), Phoenix  
  112  9:50  Probe (Chrono Boost)  
  115  9:53  Probe x2 (Chrono Boost), Pylon  
  115  9:56  Assimilator x2  
  115  10:00  Probe (Chrono Boost)  
  115  10:05  Probe x2 (Chrono Boost)  
  118  10:10  Colossus  
  118  10:14  Probe (Chrono Boost)  
  119  10:17  Probe x2 (Chrono Boost)  
  119  10:18  Phoenix  
  129  10:31  Probe (Chrono Boost)  
  129  10:33  Photon Cannon  
  130  10:43  Pylon  
  130  10:44  Pylon  
  96  10:57  Adept x2  
  96  10:58  Adept x2  
  77  11:24  Adept  
  77  11:25  Adept x3  
Show
View Real Time Build Order
Export as new Build Order

Allaryce Zerg - Winner!

Build Orders: Hatch First, Muta Ling Bane 

Get SALT Encoding   

  12  0:01  Drone  
  13  0:12  Overlord  
  13  0:22  Drone  
  14  0:32  Drone x2  
  14  0:35  Drone  
  17  0:56  Hatchery  
  16  0:59  Drone  
  16  1:01  Extractor  
  16  1:02  Drone  
  17  1:19  Spawning Pool  
  16  1:31  Drone x3  
  19  1:44  Overlord  
  19  2:05  Zergling x2  
  19  2:06  Queen, Zergling x2, Metabolic Boost  
  23  2:17  Queen  
  23  2:21  Drone  
  26  2:25  Drone  
  27  2:38  Drone  
  27  2:39  Drone x3  
  31  2:56  Hatchery  
  30  3:01  Drone  
  30  3:02  Drone  
  30  3:03  Drone  
  33  3:06  Drone  
  33  3:10  Drone  
  33  3:11  Drone  
  35  3:28  Overlord x2  
  33  3:44  Zergling x4  
  33  3:45  Overlord x2  
  35  3:59  Drone  
  35  4:00  Drone x5  
  41  4:03  Baneling Nest  
  41  4:04  Lair  
  41  4:07  Extractor  
  39  4:10  Drone x2  
  39  4:11  Drone  
  39  4:14  Queen  
  39  4:16  Drone  
  44  4:32  Drone x2  
  44  4:33  Zergling x12, Evolution Chamber  
  44  4:34  Drone, Evolution Chamber  
  51  4:40  Overlord  
  51  4:45  Overlord x2  
  51  4:59  Zerg Melee Weapons Level 1  
  51  5:03  Zerg Ground Armor Level 1  
  51  5:05  Extractor  
  51  5:07  Extractor  
  47  5:22  Zergling x18  
  47  5:23  Zergling x2  
  47  5:25  Drone x3  
  47  5:27  Drone x4  
  62  5:39  Hydralisk Den  
  57  5:50  Baneling  
  57  5:51  Baneling  
  57  5:52  Centrifical Hooks  
  57  5:55  Drone  
  57  5:56  Drone x6  
  64  6:04  Overseer  
  64  6:07  Overseer  
  64  6:12  Muscular Augments  
  64  6:13  Hydralisk  
  64  6:17  Extractor x2  
  64  6:18  Drone x2  
  64  6:19  Drone x2  
  64  6:20  Drone x2  
  70  6:26  Queen  
  70  6:30  Overlord  
  72  6:36  Spore Crawler  
  72  6:38  Spore Crawler  
  72  6:39  Lair  
  70  6:40  Overseer  
  70  6:44  Pneumatized Carapace  
  70  6:58  Zerg Melee Weapons Level 2  
  70  7:02  Drone  
  70  7:03  Drone x8  
  70  7:04  Drone  
  80  7:10  Drone x2  
  80  7:11  Drone x2  
  80  7:12  Drone  
  84  7:32  Drone x2  
  84  7:34  Drone x2, Hatchery  
  84  7:35  Drone  
  88  7:40  Hydralisk  
  88  7:41  Hydralisk x3  
  88  7:43  Drone x2  
  98  7:51  Spire  
  97  8:05  Overlord  
  97  8:06  Overlord x2  
  97  8:07  Overlord  
  97  8:16  Zerg Missile Weapons Level 1  
  97  8:23  Queen  
  97  8:25  Baneling  
  97  8:26  Baneling x4  
  99  8:27  Baneling  
  99  8:35  Hydralisk x12, Extractor  
  99  8:36  Hydralisk  
  99  8:38  Extractor  
  115  8:57  Queen  
  115  9:00  Infestation Pit  
  115  9:01  Hydralisk  
  115  9:02  Hydralisk x5  
  128  9:16  Overlord  
  128  9:17  Overlord x3  
  128  9:18  Overlord  
  128  9:28  Overlord x2  
  128  9:36  Hive  
  128  9:43  Zergling x20  
  128  9:44  Zergling x4, Mutalisk x4  
  128  9:45  Mutalisk  
  150  9:54  Pathogen Glands  
  150  9:56  Infestor x2  
  154  10:11  Mutalisk x3  
  160  10:15  Zergling x8  
  160  10:16  Zergling x14  
  160  10:19  Baneling  
  160  10:20  Baneling x4  
  157  10:51  Hydralisk  
  157  10:52  Hydralisk x4  
  157  10:53  Zergling x6  
  157  10:54  Zergling x16  
  135  10:58  Mutalisk x4  
  139  11:12  Baneling x7  
Tags
 
Add a new tag
Caveats
  • Supply blocks, unpowered buildings, or Contaminate may cause inaccurate times.
  • Supply counts are checked every 10 seconds.